 Dungeon Crawl Stone Soup version 0.24-a0-619-gb7544fd237 (webtiles) character file.

Game seed: 15732647892658004137, levelgen mode: deterministic

74 Johnny the Digger (level 3, -4/26 HPs)
             Began as a Demigod Earth Elementalist on Sept 18, 2019.
             Slain by a centaur (6 damage)
             ... on level 3 of the Dungeon.
             The game lasted 00:02:36 (1620 turns).

Johnny the Digger (Demigod Earth Elementalist)      Turns: 1620, Time: 00:02:36

Health: -4/26      AC:  2    Str: 11    XL:     3   Next: 85%
Magic:  7/9        EV: 12    Int: 21    God:
Gold:   82         SH:  0    Dex: 16    Spells: 6/7 levels left

rFire    . . .     SeeInvis .   g - +0 mace
rCold    . . .     Gourm    .   (no shield)
rNeg     . . .     Faith    .   c - +0 robe
rPois    .         Spirit   .   (no helmet)
rElec    .         Reflect  .   (no cloak)
rCorr    .         Harm     .   (no gloves)
MR       .....                  (no boots)
Stlth    ++........             (no amulet)
HPRegen  0.08/turn              (no ring)
MPRegen  0.11/turn              (no ring)

@: very slightly contaminated
A: high mp 1
a: no special abilities


You were on level 3 of the Dungeon.
You were near starving.

You visited 1 branch of the dungeon, and saw 3 of its levels.

You collected 82 gold pieces.

Inventory:

Hand Weapons
 g - a +0 mace (weapon)
Missiles
 b - 33 stones (quivered)
Armour
 c - a +0 robe (worn)
Scrolls
 a - a scroll of fog {unknown}
 e - 2 scrolls of teleportation {unknown}
 h - a scroll of identify {unknown}
Potions
 f - a potion of might {unknown}
 i - a potion of curing {unknown}
 j - a potion of mutation {unknown}
 k - a potion of brilliance {unknown}
Comestibles
 d - 3 rations


   Skills:
 - Level 1.7 Dodging
 - Level 1.7 Stealth
 + Level 2.5 Spellcasting
   Level 0.8 Transmutations
 * Level 4.0 Earth Magic


You had 6 spell levels left.
You knew the following spells:

 Your Spells              Type           Power        Failure   Level  Hunger
a - Sandblast             Erth           ###...       2%          1    None

Your spell library contained the following spells:

 Spells                   Type           Power        Failure   Level  Hunger
 Passwall                 Tmut/Erth      ##......     8%          2    ##.....
 Stone Arrow              Conj/Erth      ##....       19%         3    ###....
 Petrify                  Tmut/Erth      ##......     45%         4    ####...
 Lee's Rapid Deconstruct  Erth           ###.......   58%         5    ######.


Dungeon Overview and Level Annotations

Branches:
Dungeon (2/15)


Innate Abilities, Weirdness & Mutations

You have an increased reservoir of magic. (+10% MP)


Message History

Confirm with . or Enter, or press ? or * to list all spells.
Aiming: Sandblast (safe; 2% risk of failure)
Press: ? - help, Shift-Dir - straight line, f - centaur
Aim: a centaur The blast of sand hits the centaur!
The centaur is severely wounded.
b - 33 stones The centaur hits you.
The rat bites you.
* * * LOW HITPOINT WARNING * * *
Casting: Sandblast (safe; 2% risk of failure)
Confirm with . or Enter, or press ? or * to list all spells.
Aiming: Sandblast (safe; 2% risk of failure)
Press: ? - help, Shift-Dir - straight line, f/p - centaur
Aim: a centaur (severely wounded)
You miscast Sandblast.
You are very lightly contaminated with residual magic.
Nothing appears to happen.
The centaur hits you.
* * * LOW HITPOINT WARNING * * *
The centaur hits you.
You die...

##### #...#
###...###
.......
#.(.#
########..$#
......r@...#
......cs...#
.........###
.........#
.........#
.........#
........!.
..........
..######.


You could see a centaur, a giant cockroach and a rat.

Vanquished Creatures
  Jessica (D:2)
  A worm (D:2)
  2 dart slugs
  A ball python (D:1)
  3 goblins (D:1)
  3 hobgoblins (D:1)
  8 jackals
  6 kobolds
  3 bats
  3 frilled lizards (D:1)
  9 rats
40 creatures vanquished.

Notes
Turn   | Place    | Note
-------+----------+-------------------------------------------
     0 | D:1      | Johnny the Demigod Earth Elementalist began the quest for
                  | the Orb.
     0 | D:1      | Reached XP level 1. HP: 14/14 MP: 5/5
    33 | D:1      | Reached skill level 3 in Earth Magic
   159 | D:1      | Reached XP level 2. HP: 20/20 MP: 5/7
   816 | D:2      | Reached XP level 3. HP: 16/26 MP: 1/8
  1588 | D:2      | Noticed Jessica
  1593 | D:2      | Killed Jessica
  1593 | D:2      | Reached skill level 4 in Earth Magic
  1610 | D:2      | You fall into a shaft and drop 1 floor!
  1612 | D:3      | Noticed a centaur
  1620 | D:3      | Slain by a centaur

Levels and vault maps discovered:
D:1:      dpeg_arrival_chambers_temple_mockup, layout_loops_ring,
          minmay_misc_feat_doors
D:2:      layout_basic, first_ration, uniq_jessica, uniq_crazy_yiuf_cottage
D:3:      layout_basic, zin_purify, yredelemnul_altar_generic,
          portal_sewer_entry_c

Skill      XL: |  1  2  3 |
---------------+----------+-----
Earth Magic    | 3 4 |  4.0
Spellcasting   | 2 |  2.5
Dodging        | |  1.7
Stealth        | |  1.7
Transmutations | |  0.8

Action                   || total
-------------------------++-------
Melee: Unarmed           ||    82
       Mace              ||    24
 Cast: Sandblast         ||    47
  Use: Potion            ||     1
 Stab: Sleeping          ||     5
  Eat: Chunk             ||     1
Armor: Robe              ||    22
Dodge: Dodged            ||    97

Table legend:
 A = Non-vault XP
 B = Vault XP
 C = Vault XP percentage of total XP
 D = Non-vault monster count
 E = Vault monster count
 F = Vault count percentage of total count
                 A         B        C        D         E       F
            +---------+---------+-------+---------+---------+-------
      Total |      69 |      37 |  34.9 |      39 |       1 |   2.5
            +---------+---------+-------+---------+---------+-------
        D:1 |      41 |       0 |   0.0 |      26 |       0 |   0.0
        D:2 |      26 |      37 |  58.7 |      12 |       1 |   7.7
        D:3 |       2 |       0 |   0.0 |       1 |       0 |   0.0
            +---------+---------+-------+---------+---------+-------
